Map: Invader LE

Players

Nedi

  • Race: Zerg Zerg
  • League: Grandmaster

Miszu - Winner!

  • Race: Terran Terran
  • League: Grandmaster

VOD

Have the link to the VOD?

Description

Time

  • Played on: May 13, 2016, 12:55 p.m.
  • Length: 14:14
Show
View Real Time Build Order
Export as new Build Order

Nedi Zerg 

Build Orders: Hatch First 

Get SALT Encoding   

  12  0:01  Drone  
  13  0:13  Overlord  
  13  0:18  Drone  
  14  0:31  Drone x2  
  14  0:35  Drone  
  17  0:52  Hatchery  
  17  0:54  Drone  
  17  0:58  Drone  
  17  1:01  Extractor  
  17  1:13  Spawning Pool  
  17  1:16  Drone  
  17  1:20  Drone  
  18  1:29  Drone  
  19  1:41  Overlord  
  19  1:55  Drone  
  19  2:00  Queen  
  22  2:03  Metabolic Boost  
  22  2:04  Queen  
  22  2:05  Zergling x2  
  22  2:07  Zergling x2  
  26  2:11  Drone  
  27  2:15  Drone  
  28  2:23  Drone  
  28  2:26  Drone  
  30  2:35  Drone  
  31  2:39  Queen  
  32  2:46  Spore Crawler  
  32  2:47  Drone  
  32  2:48  Drone  
  32  2:50  Queen  
  35  2:56  Overlord  
  36  3:15  Drone x6, Hatchery  
  41  3:23  Overlord  
  41  3:24  Drone x2  
  43  3:28  Drone  
  43  3:43  Roach Warren, Extractor, Drone x3  
  45  3:49  Drone x5  
  45  3:52  Extractor  
  49  3:55  Overlord  
  49  4:00  Baneling Nest, Drone  
  49  4:10  Overlord x2  
  49  4:18  Lair  
  49  4:19  Overlord  
  49  4:21  Spore Crawler  
  48  4:26  Zergling x6  
  48  4:29  Zergling x8  
  55  4:31  Drone  
  55  4:34  Drone  
  55  4:38  Zergling x2  
  58  4:39  Extractor  
  58  4:42  Spore Crawler  
  58  4:44  Drone x2  
  58  4:46  Baneling x3  
  58  4:47  Baneling  
  58  4:49  Baneling x2  
  58  4:50  Drone  
  59  4:53  Drone  
  59  4:54  Spore Crawler  
  59  4:58  Drone x3  
  62  5:01  Drone x2  
  62  5:02  Drone  
  63  5:08  Drone x4  
  66  5:25  Drone  
  66  5:26  Drone x5  
  66  5:27  Spire, Drone  
  72  5:31  Drone x2  
  72  5:33  Drone x2  
  76  5:38  Zergling x2  
  76  5:39  Zergling x4  
  73  5:49  Overseer  
  72  5:53  Zergling x12  
  72  5:54  Roach Warren  
  70  6:17  Drone  
  60  6:20  Drone x5  
  60  6:22  Queen  
  60  6:23  Drone x2  
  69  6:35  Drone x2  
  69  6:36  Glial Reconstitution  
  71  6:43  Extractor x2  
  71  6:46  Spore Crawler  
  68  6:53  Hatchery  
  67  6:54  Zerg Flyer Weapons Level 1  
  67  6:55  Corruptor x3  
  67  6:58  Overlord x3  
  73  7:12  Drone  
  73  7:20  Drone x4  
  73  7:21  Drone x3  
  73  7:22  Drone x2  
  79  7:26  Corruptor  
  79  7:27  Corruptor x3  
  87  7:33  Drone  
  87  7:36  Drone, Evolution Chamber  
  87  7:37  Drone x6  
  94  7:50  Drone  
  95  7:52  Spire  
  95  7:53  Roach x2  
  98  8:05  Queen  
  100  8:06  Overlord, Corruptor  
  100  8:07  Overlord x5  
  100  8:10  Roach  
  104  8:22  Zerg Missile Weapons Level 1  
  104  8:25  Overlord x2, Corruptor  
  104  8:26  Corruptor x3  
  112  8:27  Roach  
  112  8:28  Roach  
  112  8:29  Roach  
  112  8:32  Roach  
  122  8:34  Roach x2  
  122  8:37  Roach x3  
  132  8:41  Roach x2  
  132  8:43  Corruptor  
  136  8:49  Roach x3  
  136  8:50  Roach  
  143  8:56  Roach x2  
  143  8:57  Roach x2  
  143  8:58  Roach  
  148  9:03  Corruptor  
  150  9:12  Corruptor x2  
  154  9:17  Corruptor x2  
  158  9:32  Zerg Flyer Weapons Level 2  
  158  9:48  Overlord x6, Hatchery  
  157  9:53  Zerg Flyer Armor Level 1  
  157  9:58  Hatchery  
  134  10:00  Corruptor x2  
  134  10:06  Corruptor  
  120  10:18  Corruptor x2  
  124  10:24  Corruptor  
  126  10:28  Corruptor  
  126  10:30  Extractor  
  126  10:31  Extractor  
  126  10:35  Corruptor  
  128  10:43  Pneumatized Carapace  
  128  10:45  Drone x14  
  128  10:46  Drone  
  136  11:06  Corruptor  
  136  11:07  Corruptor x3  
  139  11:19  Hatchery  
  139  11:23  Drone  
  139  11:24  Drone  
  140  11:26  Infestation Pit  
  140  11:30  Corruptor x2  
  141  11:40  Extractor  
  141  11:41  Extractor  
  141  11:44  Corruptor x2  
  131  11:53  Corruptor  
  131  11:54  Corruptor  
  121  12:05  Drone  
  121  12:07  Corruptor x2  
  126  12:13  Hive  
  120  12:32  Corruptor x4  
  118  12:39  Corruptor  
  118  12:40  Corruptor  
  122  12:44  Corruptor  
  122  12:45  Zergling x2  
  122  12:46  Zergling x2  
  122  12:48  Roach  
  122  12:49  Roach x4  
  132  12:53  Overseer x2  
  103  13:08  Corruptor x3  
  102  13:21  Hatchery  
  102  13:24  Corruptor  
Show
View Real Time Build Order
Export as new Build Order

Miszu Terran - Winner!

Build Orders: Reaper Expand, Hellion Banshee 

Get SALT Encoding   

  12  0:00  SCV  
  13  0:12  SCV  
  14  0:17  Supply Depot  
  14  0:25  SCV  
  15  0:38  SCV  
  15  0:40  Barracks  
  16  0:43  Refinery  
  16  0:50  SCV  
  17  1:03  SCV  
  18  1:15  SCV  
  19  1:27  Reaper, Orbital Command  
  20  1:43  Command Center  
  20  1:53  Supply Depot  
  20  1:54  SCV  
  21  2:00  Refinery  
  21  2:07  Marine  
  21  2:08  SCV  
  23  2:14  Factory  
  23  2:20  SCV  
  24  2:30  Barracks Reactor  
  24  2:32  SCV  
  25  2:44  SCV  
  26  2:55  Orbital Command  
  26  2:56  SCV  
  27  2:59  Starport  
  27  3:08  SCV  
  27  3:12  Hellion x2, Barracks Tech Lab  
  32  3:20  SCV  
  32  3:21  SCV  
  32  3:26  Supply Depot  
  34  3:32  SCV  
  34  3:33  SCV  
  36  3:39  Hellion  
  36  3:40  Hellion  
  39  3:44  SCV  
  39  3:45  SCV  
  41  3:48  Banshee  
  41  3:49  Barracks Reactor  
  41  3:52  Supply Depot  
  44  3:57  SCV x2  
  46  4:09  SCV  
  47  4:10  Command Center, SCV  
  48  4:18  Refinery  
  48  4:19  Refinery, Hellion  
  48  4:23  SCV  
  51  4:24  SCV  
  51  4:26  Liberator x2  
  52  4:32  Supply Depot  
  52  4:35  SCV  
  53  4:41  SCV  
  60  4:46  Armory  
  60  4:47  SCV  
  61  4:53  SCV  
  61  4:54  Supply Depot  
  61  4:55  Hellion  
  61  4:58  Hellion  
  61  4:59  SCV  
  67  5:05  SCV  
  68  5:08  Liberator  
  68  5:09  Liberator  
  68  5:12  SCV  
  69  5:17  SCV  
  70  5:23  Orbital Command  
  70  5:24  Supply Depot  
  70  5:28  SCV  
  77  5:29  SCV  
  77  5:31  Hellion x2  
  80  5:49  Terran Ship Weapons Level 1  
  80  5:52  Starport  
  80  5:53  Starport, SCV x2  
  80  5:54  Supply Depot  
  82  6:03  Liberator x2  
  82  6:13  SCV  
  82  6:18  SCV  
  67  6:23  Hellion x2  
  77  6:26  SCV  
  77  6:30  SCV  
  77  6:32  Starport Tech Lab, Banshee  
  81  6:35  Orbital Command  
  81  6:36  Supply Depot  
  81  6:38  SCV  
  81  6:39  Engineering Bay  
  82  6:40  Fusion Core  
  82  6:42  SCV  
  82  6:44  Hellion x2  
  82  6:46  Liberator x2  
  87  6:50  SCV  
  87  6:54  SCV, Banshee  
  88  6:59  Refinery x2  
  93  7:01  SCV  
  93  7:02  SCV  
  93  7:06  SCV  
  101  7:13  SCV  
  101  7:14  SCV  
  99  7:16  Hellion x2  
  99  7:18  SCV  
  99  7:19  Supply Depot  
  99  7:21  Supply Depot  
  104  7:25  SCV  
  104  7:26  SCV  
  104  7:27  Banshee  
  109  7:30  Liberator  
  109  7:31  SCV  
  109  7:36  Missile Turret  
  110  7:37  SCV  
  110  7:38  SCV, Banshee, Missile Turret  
  110  7:39  Liberator  
  110  7:40  Hyperflight Rotors  
  110  7:43  SCV  
  116  7:46  Supply Depot  
  116  7:49  Hellion, SCV  
  116  7:50  Hellion, SCV  
  125  7:55  SCV  
  129  8:01  SCV  
  129  8:02  SCV  
  131  8:06  Command Center  
  131  8:07  SCV  
  131  8:12  Terran Ship Weapons Level 2  
  132  8:14  Hellion x2, SCV  
  132  8:16  Supply Depot  
  132  8:17  Hellion x4  
  137  8:24  Banshee  
  137  8:25  Liberator  
  140  8:32  Starport  
  140  8:33  Starport  
  140  8:40  Liberator  
  140  8:44  Hellion x2  
  147  9:00  Liberator  
  140  9:02  Banshee  
  143  9:16  Cloaking Field, Liberator  
  135  9:22  Hellion  
  135  9:23  Hellion  
  142  9:27  Missile Turret x2  
  142  9:29  Liberator  
  139  9:32  Banshee  
  139  9:33  Refinery  
  139  9:35  Missile Turret  
  139  9:36  Missile Turret  
  139  9:37  Refinery  
  139  9:48  Liberator x2  
  139  9:50  Liberator  
  116  10:08  Hellion x2  
  116  10:11  Liberator  
  116  10:12  Liberator  
  123  10:16  Missile Turret  
  123  10:24  Missile Turret  
  123  10:27  Missile Turret  
  126  10:30  Hellion x2  
  126  10:35  Planetary Fortress  
  133  10:36  SCV x3  
  133  10:38  Command Center  
  133  10:39  Liberator  
  133  10:40  Liberator  
  136  10:48  SCV x3  
  136  10:49  Terran Ship Weapons Level 3  
  139  10:51  Hellion x2  
  139  10:57  Liberator x2  
  146  11:03  Liberator  
  149  11:12  Hellion x2  
  156  11:19  Liberator  
  156  11:22  Liberator  
  159  11:26  Command Center  
  159  11:32  Command Center x2, Missile Turret  
  159  11:35  Orbital Command  
  162  11:42  Hellion  
  162  11:45  Liberator  
  162  11:46  Liberator x2  
  164  11:50  Hellion  
  166  12:03  Hellion  
  166  12:06  Liberator  
  177  12:09  Supply Depot x2  
  177  12:14  Command Center  
  177  12:15  Liberator  
  177  12:16  Liberator  
  177  12:19  Refinery  
  177  12:20  Refinery  
  177  12:21  Missile Turret  
  177  12:28  Liberator  
  177  12:29  Liberator x2  
  165  12:49  Liberator  
  165  12:58  Liberator x2  
  165  13:03  Hellion  
  165  13:04  Hellion  
  169  13:11  Liberator  
  169  13:12  Liberator  
  173  13:24  Planetary Fortress  
  169  13:27  Hellion x2  
  177  13:37  Command Center  
  177  13:48  Refinery  
  177  13:49  Hellion x2  
  168  14:06  Missile Turret  
  168  14:07  Refinery  
Tags
 
Add a new tag
Caveats
  • Supply blocks, unpowered buildings, or Contaminate may cause inaccurate times.
  • Supply counts are checked every 10 seconds.